 Dungeon Crawl Stone Soup version 0.15.0-12-gccce430 (webtiles) character file.

118302 Christof the Bludgeoner (level 16, -7/143 HPs)
             Began as a Minotaur Fighter on Aug 30, 2014.
             Was a High Priest of Okawaru.
             Mangled by an ettin
             ... wielding a +0 dire flail
              (19 damage)
             ... on Level 1 of the Depths on Aug 31, 2014.
             The game lasted 03:30:58 (41845 turns).

Christof the Bludgeoner (Minotaur Fighter)         Turns: 41845, Time: 03:30:58

HP  -7/143       AC 33     Str 25      XL: 16   Next: 25%
MP  26/26        EV 13     Int  8      God: Okawaru [*****.]
Gold 2309        SH 16     Dex 11      Spells:  0 memorised, 15 levels left

rFire  + + .     SeeInvis .     J - +7 mace of the Inferno {pain, +Inv +Fly rF+}
rCold  + . .     Clarity  .     Y - +2 crystal plate armour
rNeg   . . .     rCorr    .     B - +2 shield {AC+3}
rPois  .         rRot     .     H - +2 hat of the Alchemist {rElec rF+ rC+ MR+}
rElec  +         Spirit   .     s - +1 cloak {+Inv}
SustAb .         Warding  .     (no gloves)
rMut   .         Stasis   .     u - +0 pair of boots
Gourm  +                        C - amulet of the gourmand
MR     +++..                    Q - ring of Shaolin {EV+8}
                                m - +1 ring of strength

@: very slightly contaminated, extremely resistant to hostile enchantments,
extremely unstealthy
A: retaliatory headbutt, claws 1, horns 2, magic resistance 1, regeneration 1
a: Heroism, Finesse, Renounce Religion, Evoke Invisibility, Evoke Flight


You were on level 1 of the Depths.
You worshipped Okawaru.
Okawaru was extremely pleased with you.
You were very full.

You visited 5 branches of the dungeon, and saw 30 of its levels.
You also visited: Sewer and Ossuary.

You collected 3451 gold pieces.
You spent 1142 gold pieces at shops.

Inventory:

Hand weapons
 J - the +7 mace of the Inferno (weapon) {pain, +Inv +Fly rF+}
   (Okawaru gifted it to you on level 4 of the Orcish Mines)

   In the hands of one skilled in necromantic magic, it inflicts extra damage on
   living creatures.
   It protects you from fire.
   It lets you turn invisible.
   It lets you fly.
 K - a +3 flail of freezing
Missiles
 q - 13 poisoned tomahawks
 r - 39 tomahawks (quivered)
 y - 5 tomahawks of returning
Armour
 d - a +2 plate armour of poison resistance
 k - a cursed +0 pair of boots
 s - a +1 cloak of darkness (worn)
 u - a +0 pair of boots (worn)
 z - a +2 large shield
 B - a +2 shield of protection (worn)
 H - the +2 hat of the Alchemist (worn) {rElec rF+ rC+ MR+}
   (You bought it in a shop on level 4 of the Orcish Mines)

   It protects you from fire.
   It protects you from cold.
   It insulates you from electricity.
   It affects your resistance to hostile enchantments.
 Y - a +2 crystal plate armour (worn)
Magical devices
 g - a wand of cold (1)
 p - a wand of paralysis (6)
 L - a wand of heal wounds (0)
 M - a wand of enslavement (11)
 R - a wand of frost (9)
Comestibles
 b - 3 chunks of ogre flesh
 D - 19 fruits
Scrolls
 f - a scroll of recharging
 h - 4 scrolls of remove curse
 j - a scroll of enchant armour
 l - 3 scrolls of identify
 w - a scroll of teleportation
 T - a scroll of fear
 X - a scroll of magic mapping
Jewellery
 a - a cursed ring of see invisible {unknown}
 m - a +1 ring of strength (left claw)
 o - a +3 ring of evasion
 C - an amulet of the gourmand (around neck)
 O - a +4 ring of dexterity
 Q - the ring of Shaolin (right claw) {EV+8}
   (You found it on level 6 of the Lair of Beasts)

   [ring of evasion]

   It affects your evasion (+8).
Potions
 e - 3 potions of might
 i - 3 potions of curing
 E - 2 potions of cancellation
 G - a potion of restore abilities
 I - a potion of cure mutation


   Skills:
 + Level 13.1 Fighting
 * Level 20.5 Maces & Flails
 - Level 0.2 Throwing
 + Level 12.9 Armour
 + Level 16.0 Shields
 * Level 10.9 Invocations
 * Level 3.3 Evocations


You had 15 spell levels left.
You didn't know any spells.

Dungeon Overview and Level Annotations

Branches:
Dungeon (15/15)            Temple (0/1) D:5             Orc (4/4) D:12
    Elf (2/3) Orc:3          Lair (8/8) D:9          Shoals (0/5) Lair:4
 Spider (0/5) Lair:4        Slime (0/6) Lair:6       Vaults (0/5) D:14
 Depths (1/5) D:15

Altars:
Cheibriados
Kikubaaqudgha
Okawaru
Sif Muna
Zin
The Shining One
Beogh
Jiyva

Shops:
D:6 *   D:11 *   D:12 (   D:14 (   Orc:1 }   Orc:4 %*[(   Elf:2 :

Portals:
Hell: Depths:1

Annotations:
Elf:2 Jorgrun


Innate Abilities, Weirdness & Mutations

You reflexively headbutt those who attack you in melee.
You have a pair of horns on your head.
You have sharp fingernails.
You are resistant to hostile enchantments.
Your natural rate of healing is unusually fast.


Message History

* * * LOW HITPOINT WARNING * * *
The octopode crusher constricts you.
Read which item? (? for menu, Esc to quit)
Blink to where?
Press: ? - help, Dir - move target cursor You escape the octopode crusher's grasp.
As you read the scroll of blinking, it crumbles to dust.
You are very lightly contaminated with residual magic.
A hill giant comes into view. It is wielding a giant club.
The hill giant shouts!
Found a scroll of recharging and a dagger.
A purple ugly thing comes into view.
A rakshasa comes into view. It is wielding a runed long sword.
Found a plate armour.
A purple ugly thing comes into view.
Your surroundings suddenly seem different.
An ettin comes into view. It is wielding two dire flails.
The ettin shouts in stereo!
The ettin hits you with a dire flail!!
You die...

#.....# #.......#
#.....# #.......#
#.....#######........
#.....'....('(.......
#.....#######........
#.....# #........
#.....# #........
#..C..# #.......#
#...@.# #####'###
#.....# #......
#.....# #.#.###
#.....##### #.#.###
##......... # #.##.
#<........ ...+.
#......... ####.
#........ #.
#........ #.


You could see an ettin.

Vanquished Creatures
  Kirke (Elf:2)
  Maud (D:15)
  An orc warlord (Orc:4)
  Louise (Elf:2)
  3 rakshasas (D:14)
  A deep elf demonologist (Elf:2)
  A stone giant (Depths:1)
  The ghost of Crauler the Martial Artist, a powerful DrTm of Cheibriados (Lair:2)
  Snorg (Orc:2)
  A vault guard (D:14)
  A deep elf death mage (Elf:1)
  A yaktaur captain (D:15)
  Josephine (D:11)
  An ogre mage (Depths:1)
  Nessos (Elf:2)
  7 hydras
  Erica (Elf:1)
  4 centaur warriors
  5 death yaks
  The ghost of Fluffy the Cleaver, an experienced HOBe of Trog (Lair:1)
  3 orc high priests
  A tengu warrior (D:13)
  Urug (D:14)
  2 catoblepae
  7 deep elf knights
  3 skeletal warriors (D:13)
  A hell knight (D:15)
  2 wizards (D:14)
  2 unseen horrors
  3 deep elf summoners (Elf:1)
  A giant orange brain (shapeshifter) (Elf:2)
  A lindwurm (Elf:2)
  10 hill giants
  A sphinx zombie (D:15)
  An orc knight (D:15)
  10 deep elf conjurers
  7 ugly things
  5 orc sorcerers
  A cyclops (Orc:3)
  2 manticores (D:14)
  7 elephants
  A griffon (D:15)
  Maurice (D:11)
  A feature mimic (Orc:3)
  6 black mambas
  2 centaur skeletons (D:11)
  3 gargoyles
  A kobold demonologist (Sewer)
  5 fire drakes
  An efreet (D:13)
  12 spiny frogs
  A yaktaur (D:15)
  12 komodo dragons
  Grinder (Sewer)
  A tengu conjurer (D:13)
  11 deep elf priests
  A polar bear (Lair:8)
  A two-headed ogre (D:10)
  3 blue devils
  2 freezing wraiths
  A harpy zombie (D:14)
  3 wandering mushrooms (Lair:6)
  A jumping spider (Lair:4)
  12 trolls
  11 blink frogs
  A trapdoor spider zombie (D:11)
  A snapping turtle (Lair:4)
  2 ravens (D:13)
  A shadow (D:13)
  4 basilisks
  A spriggan (D:7)
  A hill giant zombie (D:11)
  43 yaks
  A water elemental (Depths:1)
  A vampire (D:14)
  10 hippogriffs
  22 deep elf magi
  11 vampire mosquitoes
  A human (shapeshifter) (D:14)
  3 hogs (Elf:2)
  A hungry ghost (D:10)
  A naga (shapeshifter) (D:13)
  A steam dragon (Lair:3)
  Menkaure (D:6)
  A neqoxec (Orc:3)
  A soldier ant (D:13)
  13 deep elf fighters
  11 porcupines
  A warg (Orc:3)
  21 water moccasins
  An ogre skeleton (D:9)
  The ghost of MDvedh the Cudgeler, an average VSBe of Trog (D:4)
  5 phantoms
  2 tengu skeletons
  A manticore zombie (D:11)
  3 black bears
  40 orc warriors
  2 necrophages
  3 ice beasts
  5 sky beasts
  25 centaurs
  14 ogres
  3 boggarts (D:14)
  2 manticore skeletons
  A boring beetle (Lair:7)
  Duvessa (D:7)
  A brain worm (D:15)
  16 giant frogs
  2 big kobolds (Sewer)
  15 crocodiles
  3 elf zombies
  Blork the orc (D:7)
  4 scorpions
  A cyclops skeleton (D:14)
  A hippogriff zombie (D:14)
  3 killer bees (D:7)
  19 wights
  An eye of draining (D:14)
  A troll zombie (D:12)
  3 electric eels
  A tengu zombie (D:11)
  A yak skeleton (D:7)
  A troll skeleton (D:8)
  9 crimson imps
  Dowan (D:7)
  3 goliath beetles
  10 jellies
  15 orc priests
  10 hounds
  3 human zombies (Ossuary)
  36 orc wizards
  2 centaur zombies
  A giant frog skeleton (D:11)
  9 iguanas
  2 orange rats (Elf:1)
  18 sheep
  7 worker ants
  4 big kobold zombies (Sewer)
  A sky beast zombie (D:12)
  Ijyb (D:4)
  3 mummies
  7 gnolls
  29 green rats
  A scorpion zombie (D:8)
  3 shadow imps
  2 giant mites
  20 adders
  An inept item mimic (D:5)
  4 ufetubi (Sewer)
  2 worms
  An adder zombie (Sewer)
  An ooze (Sewer)
  176 orcs
  15 bats
  2 gnoll zombies (Ossuary)
  21 hobgoblins
  24 jackals
  28 kobolds
  6 quokkas
  3 ball pythons
  4 giant cockroaches
  6 giant geckos
  A giant gecko zombie (D:8)
  6 giant newts
  2 giant spores
  20 goblins
  2 goblin zombies
  7 hobgoblin zombies
  2 kobold zombies (Sewer)
  3 orc zombies (Orc:3)
  10 rats
  10 ballistomycetes
  A plant (D:1)
1093 creatures vanquished.

Vanquished Creatures (others)
  A deep elf knight (Elf:1)
  2 killer bees (D:8)
  A big kobold zombie (Sewer)
  2 orcs (Orc:3)
  A kobold (Sewer)
  4 giant spores
  2 kobold zombies (Sewer)
13 creatures vanquished.

Grand Total: 1106 creatures vanquished

Notes
Turn   | Place    | Note
--------------------------------------------------------------
     0 | D:1      | Christof, the Minotaur Fighter, began the quest for the Orb.
     0 | D:1      | Reached XP level 1. HP: 19/19 MP: 1/1
   102 | D:1      | Reached XP level 2. HP: 27/27 MP: 1/1
   143 | D:1      | Reached skill level 4 in Shields
   692 | D:2      | Reached XP level 3. HP: 28/33 MP: 2/2
   919 | D:2      | Reached XP level 4. HP: 33/40 MP: 2/2
   990 | D:2      | Found an ancient bone altar of Kikubaaqudgha.
  1141 | D:2      | Found a deep blue altar of Sif Muna.
  1141 | D:2      | Found an iron altar of Okawaru.
  1145 | D:2      | Became a worshipper of Warmaster Okawaru
  1504 | D:3      | Reached skill level 5 in Shields
  1514 | D:2      | Reached XP level 5. HP: 18/46 MP: 2/2
  2111 | D:3      | Found a glowing drain.
  2131 | Sewer    | Entered a sewer
  2280 | Sewer    | Found a burning altar of Makhleb.
  2282 | Sewer    | Noticed Grinder
  2294 | Sewer    | Reached XP level 6. HP: 45/53 MP: 3/3
  2308 | Sewer    | Reached skill level 6 in Shields
  2311 | Sewer    | Acquired Okawaru's first power
  2311 | Sewer    | Reached skill level 5 in Maces & Flails
  2311 | Sewer    | Reached skill level 5 in Armour
  2318 | Sewer    | Killed Grinder
  2318 | Sewer    | Reached skill level 5 in Fighting
  2318 | Sewer    | Reached skill level 7 in Shields
  2318 | Sewer    | Reached XP level 7. HP: 10/61 MP: 1/3
  2576 | Sewer    | Noticed an apprentice kobold demonologist
  2596 | Sewer    | Killed an apprentice kobold demonologist
  2600 | Sewer    | Reached skill level 8 in Shields
  3108 | D:3      | Noticed a necrophage
  3119 | D:3      | Killed a necrophage
  3119 | D:3      | Reached XP level 8. HP: 62/68 MP: 3/3
  3336 | D:4      | Noticed MDvedh's ghost (average VSBe)
  3344 | D:4      | Killed MDvedh's ghost
  3470 | D:4      | Noticed Ijyb
  3494 | D:4      | Killed Ijyb
  3507 | D:4      | Reached skill level 9 in Shields
  3712 | D:4      | Found a sand-covered staircase.
  3717 | Ossuary  | Entered an ossuary
  4643 | D:5      | Entered Level 5 of the Dungeon
  4643 | D:5      | Found a staircase to the Ecumenical Temple.
  5029 | D:5      | Reached skill level 10 in Shields
  5662 | D:6      | Reached XP level 9. HP: 52/75 MP: 5/5
  6028 | D:6      | Found Neopath's Elemental Accessories.
  6266 | D:6      | Noticed Menkaure
  6274 | D:6      | Killed Menkaure
  6733 | D:6      | Reached skill level 1 in Invocations
  7184 | D:7      | Noticed Duvessa
  7188 | D:7      | Noticed Dowan
  7201 | D:7      | Killed Duvessa
  7224 | D:7      | Killed Dowan
  7528 | D:7      | Reached skill level 11 in Shields
  7573 | D:7      | Found a snail-covered altar of Cheibriados.
  7700 | D:7      | Noticed Blork the orc
  7710 | D:7      | Killed Blork the orc
  8107 | D:7      | Found a glowing golden altar of the Shining One.
  8470 | D:8      | Reached XP level 10. HP: 75/84 MP: 9/9
  9539 | D:8      | Acquired Okawaru's second power
 10419 | D:9      | Reached skill level 10 in Maces & Flails
 10446 | D:9      | Noticed an elephant
 10446 | D:9      | Found a staircase to the Lair.
 10474 | D:9      | Killed an elephant
 10474 | D:9      | Reached skill level 12 in Shields
 11075 | D:9      | Noticed a red ugly thing
 11089 | D:9      | Killed a red ugly thing
 11105 | D:9      | Got a diamond-encrusted chain mail
 11116 | D:9      | Identified the +1 chain mail of Terauh {+Inv rElec} (You found it on level 9 of the Dungeon)
 11348 | D:9      | Reached XP level 11. HP: 86/94 MP: 12/12
 11354 | D:9      | Found a snail-covered altar of Cheibriados.
 11389 | D:9      | Found a glowing silver altar of Zin.
 11585 | Lair:1   | Entered Level 1 of the Lair of Beasts
 11625 | Lair:1   | Noticed Fluffy's ghost (experienced HOBe)
 11629 | Lair:1   | Received a gift from Okawaru
 11665 | Lair:1   | Killed Fluffy's ghost
 11871 | Lair:1   | Reached skill level 5 in Invocations
 13137 | D:10     | Entered Level 10 of the Dungeon
 13137 | D:10     | Noticed a hill giant
 13148 | D:10     | Killed a hill giant
 13392 | D:10     | Killed an unseen horror
 14513 | D:11     | Noticed a hill giant
 14521 | D:11     | Killed a hill giant
 15012 | D:11     | Noticed Maurice
 15051 | D:11     | Killed Maurice
 15051 | D:11     | Reached skill level 10 in Armour
 15051 | D:11     | Reached skill level 13 in Shields
 15469 | D:11     | Found Thaloclo's Assorted Antiques.
 15561 | D:11     | Noticed Josephine
 15574 | D:11     | Killed Josephine
 15583 | D:11     | Reached XP level 12. HP: 83/104 MP: 11/18
 16389 | D:12     | Found Gutz's Weapon Shop.
 16389 | D:12     | Found a staircase to the Orcish Mines.
 16927 | D:12     | Received a gift from Okawaru
 17314 | D:12     | Reached skill level 14 in Maces & Flails
 17854 | Lair:1   | Gained mutation: You are resistant to hostile enchantments. [potion of beneficial mutation]
 17865 | Lair:1   | Upgraded the game from 0.15.0-8-gb109cf8 to 0.15.0-11-g6f4f891
 18791 | Lair:2   | Noticed Crauler's ghost (powerful DrTm)
 18827 | Lair:2   | Killed Crauler's ghost
 19369 | Lair:3   | Noticed a six-headed hydra
 19382 | Lair:3   | Killed a six-headed hydra
 19576 | Lair:3   | Reached skill level 10 in Fighting
 20314 | Lair:3   | Reached XP level 13. HP: 92/113 MP: 20/20
 21223 | Lair:4   | Found a hole to the Spider Nest.
 21394 | Lair:4   | Reached skill level 15 in Maces & Flails
 22031 | Lair:4   | Found a staircase to the Shoals.
 22261 | Lair:5   | Found a labyrinth entrance.
 22287 | Lair:5   | Received a gift from Okawaru
 22290 | Lair:5   | Got a pair of fine boots {god gift}
 22301 | Lair:5   | Identified the +1 pair of boots of Pruin {Str-3 Dex-3} (Okawaru gifted it to you on level 5 of the Lair of Beasts)
 22957 | Lair:6   | Found a staircase to the Slime Pits.
 22958 | Lair:6   | Found a viscous altar of Jiyva.
 23685 | Lair:6   | Reached skill level 16 in Maces & Flails
 25961 | D:13     | Received a gift from Okawaru
 26026 | D:13     | Got a smoking steam dragon armour {god gift}
 26093 | D:13     | Reached skill level 17 in Maces & Flails
 26437 | D:13     | Reached XP level 14. HP: 124/124 MP: 22/22
 28644 | D:14     | Received a gift from Okawaru
 28647 | D:14     | Got a pair of distressingly furry gloves {god gift}
 28653 | D:14     | Identified the -4 pair of gloves of Phaplouro {rF+} (Okawaru gifted it to you on level 14 of the Dungeon)
 28877 | D:14     | Reached skill level 18 in Maces & Flails
 28914 | D:14     | Noticed Urug
 28925 | D:14     | Killed Urug
 29328 | D:14     | Found a gate to the Vaults.
 29415 | D:14     | Found Heiwnept's Antique Weapon Shop.
 29442 | D:15     | Entered Level 15 of the Dungeon
 29987 | D:15     | Found a staircase to the Depths.
 30042 | D:15     | Noticed Maud
 30070 | D:15     | Killed Maud
 31914 | Lair:8   | Entered Level 8 of the Lair of Beasts
 31953 | Lair:8   | Reached XP level 15. HP: 133/133 MP: 25/25
 32085 | Lair:8   | Received a gift from Okawaru
 32121 | Lair:8   | Reached skill level 10 in Invocations
 32440 | Lair:8   | Reached skill level 19 in Maces & Flails
 34442 | Lair:1   | Gained mutation: Your natural rate of healing is unusually fast. [potion of beneficial mutation]
 34547 | Orc:1    | Entered Level 1 of the Orcish Mines
 34591 | Orc:1    | Reached skill level 15 in Shields
 34597 | Orc:1    | Found Iwujalyo's Gadget Shoppe.
 34937 | Orc:2    | Noticed Snorg
 34950 | Orc:2    | Killed Snorg
 34950 | Orc:2    | Received a gift from Okawaru
 35602 | Orc:3    | Found a staircase to the Elven Halls.
 35652 | Orc:3    | Gained mutation: You have sharp fingernails. [a neqoxec]
 36291 | Orc:4    | Entered Level 4 of the Orcish Mines
 36363 | Orc:4    | Found a roughly hewn altar of Beogh.
 36952 | Orc:4    | Found a roughly hewn altar of Beogh.
 36954 | Orc:4    | Found a roughly hewn altar of Beogh.
 37568 | Orc:4    | Found Blann's Antique Armour Boutique.
 37568 | Orc:4    | Found a roughly hewn altar of Beogh.
 37588 | Orc:4    | Found Hanaokhle's Antique Weapon Shop.
 37610 | Orc:4    | Bought the +2 hat of the Alchemist {rElec rF+ rC+ MR+} for 1142 gold pieces
 37707 | Orc:4    | Found a roughly hewn altar of Beogh.
 37707 | Orc:4    | Found Ghuv's Food Shop.
 37762 | Orc:4    | Received a gift from Okawaru
 37765 | Orc:4    | Got an ebony mace {god gift}
 37766 | Orc:4    | Identified the +7 mace of the Inferno {pain, +Inv +Fly rF+} (Okawaru gifted it to you on level 4 of the Orcish Mines)
 37821 | Orc:4    | Found a roughly hewn altar of Beogh.
 38023 | Orc:4    | Found Puymoawn's Assorted Antiques.
 38078 | Orc:4    | Found a roughly hewn altar of Beogh.
 38325 | Elf:1    | Entered Level 1 of the Elven Halls
 38531 | Elf:1    | Noticed Erica
 38544 | Elf:1    | Killed Erica
 38557 | Elf:1    | Reached skill level 1 in Evocations
 39034 | Elf:1    | Reached skill level 20 in Maces & Flails
 39036 | Elf:1    | Received a gift from Okawaru
 39315 | Elf:2    | Noticed Louise
 39352 | Elf:2    | Killed Louise
 39617 | Elf:2    | Reached XP level 16. HP: 94/141 MP: 26/26
 40438 | Elf:2    | Found Couzxauge's Book Emporium.
 40475 | Elf:2    | Noticed Nessos
 40521 | Elf:2    | Killed Nessos
 40668 | Elf:2    | Noticed a Hell Sentinel
 40671 | Elf:2    | Noticed a Shadow Fiend
 40677 | Elf:2    | Noticed Kirke
 40684 | Elf:2    | Noticed Jorgrun
 41050 | Elf:2    | Killed Kirke
 41621 | Depths:1 | Entered Level 1 of the Depths
 41622 | Depths:1 | Upgraded the game from 0.15.0-11-g6f4f891 to 0.15.0-12-gccce430
 41802 | Depths:1 | Found a gateway to Hell.
 41802 | Depths:1 | Noticed an octopode crusher
 41845 | Depths:1 | Mangled by an ettin

Action                   |  1- 3 |  4- 6 |  7- 9 | 10-12 | 13-15 | 16-18 || total
-------------------------+-------+-------+-------+-------+-------+-------++-------
Melee: Flail             |    91 |   143 |   340 |  1147 |  2128 |       ||  3849
       Mace              |       |       |   208 |    20 |   333 |   233 ||   794
Throw: Tomahawk          |       |       |       |     2 |    16 |     1 ||    19
Invok: Heroism           |       |     1 |     1 |     5 |     4 |     1 ||    12
       Finesse           |       |       |       |     5 |     3 |     1 ||     9
Evoke: Wand              |       |       |     1 |     9 |     7 |     2 ||    19
  Use: Potion            |       |     1 |       |     7 |     7 |     2 ||    17
       Scroll            |       |       |    22 |     5 |    10 |     3 ||    40
 Stab: Confused          |       |       |       |       |     1 |       ||     1
       Paralysed         |       |       |       |       |     2 |       ||     2
  Eat: Chunk             |       |     3 |    18 |    49 |    64 |     7 ||   141
       Fruit             |       |     1 |       |     2 |       |       ||     3
       Beef jerky        |       |       |     2 |       |       |       ||     2
